 Dungeon Crawl Stone Soup version 0.29-a0-998-g1987434951 (webtiles) character file.

Game seed: 8387084915034285880

1271 Manisian the Summoner (level 8, -1/44 HPs)
             Began as a Tengu Summoner on Aug 6, 2022.
             Killed by an exploding themself (18 damage)
             ... ignited by their inner flame
             ... on level 6 of the Dungeon.
             The game lasted 00:23:11 (7311 turns).

Manisian the Summoner (Tengu Summoner)              Turns: 7311, Time: 00:23:11

Health: -1/44      AC:  4    Str:  8    XL:     8   Next: 53%
Magic:  7/17       EV: 16    Int: 19    God:
Gold:   197        SH:  0    Dex: 14    Spells: 3/17 levels left

rFire   . . .      SeeInvis .   e - +5 halberd
rCold   . . .      Faith    .   (shield currently unavailable)
rNeg    . . .      Spirit   .   a - +0 robe
rPois   .          Reflect  .   (helmet restricted)
rElec   .          Harm     .   z - +1 cloak
rCorr   .          Rampage  .   (no gloves)
Will    .....                   (boots unavailable)
Stlth   ++........              (no amulet)
HPRegen 0.14/turn               (no ring)
MPRegen 0.15/turn               (no ring)

@: flying quickly and evasively, quick
A: beak, talons 3, nimble flight
a: no special abilities


You were on level 6 of the Dungeon.
You visited 1 branch of the dungeon, and saw 6 of its levels.

You collected 197 gold pieces.

Inventory:

Hand Weapons
 c - a +0 dagger
 e - a +5 halberd (weapon)
 t - a +0 spear
 x - a +0 trident
Missiles
 i - 4 boomerangs
Armour
 a - a +0 robe (worn)
 h - a +0 ring mail
 j - the +1 ring mail of Dongag Suu {Int+5 Slay-4 Stlth+}
   (You found it on level 4 of the Dungeon)

   Int:       It affects your intelligence (+5).
   Slay:      It affects your accuracy & damage with ranged weapons and melee
   (-4).
   Stlth:     It makes you more stealthy.
 z - a +1 cloak (worn)
Magical Staves
 d - a staff of poison
Jewellery
 k - an amulet of guardian spirit
Scrolls
 g - 2 scrolls of poison
 m - a scroll of vulnerability
 p - a scroll of magic mapping
 s - 2 scrolls of teleportation
 v - 2 scrolls of silence
Potions
 b - a potion of magic
 f - a potion of invisibility
 l - a potion of cancellation
 n - a potion of flight
 o - a potion of attraction {unknown}
 q - a potion of mutation {unknown}
 r - 2 potions of brilliance
 u - 2 potions of heal wounds
 w - 2 potions of resistance


   Skills:
 + Level 2.2 Fighting
 + Level 1.3 Short Blades
 + Level 3.1 Polearms
 + Level 3.9 Dodging
 + Level 3.6 Stealth
 + Level 5.4 Spellcasting
 + Level 1.2 Hexes
 + Level 8.0 Summonings


You had 3 spell levels left.
You knew the following spells:

 Your Spells              Type           Power      Damage    Failure   Level
a - Summon Small Mammal   Summ           100%       N/A       1%          1
b - Call Imp              Summ           35%        N/A       1%          2
c - Call Canine Familiar  Summ           35%        N/A       1%          3
d - Summon Guardian Gole  Hex/Summ       22%        N/A       5%          3
e - Summon Ice Beast      Ice/Summ       20%        N/A       22%         4
f - Slow                  Hex            36%        N/A       7%          1

Your spell library contained the following spells:

 Spells                   Type           Power      Damage    Failure   Level
 Foxfire                  Conj/Fire      20%        2x1d5     12%         1
 Confusing Touch          Hex            9%         N/A       22%         3
 Inner Flame              Hex/Fire       7%         N/A       28%         3
 Conjure Flame            Conj/Fire      5%         6-21      34%         3
 Frozen Ramparts          Ice            10%        1d9       34%         3
 Ozocubu's Armour         Ice            5%         N/A       34%         3
 Vampiric Draining        Necr           5%         2d6       34%         3
 Summon Lightning Spire   Summ/Air       20%        N/A       22%         4
 Flame Wave               Conj/Fire      5%         2d5       75%         4
 Ice Form                 Ice/Tmut       5%         N/A       75%         4
 Ozocubu's Refrigeration  Ice            2%         4d8       100%        7


Dungeon Overview and Level Annotations

Branches:
Dungeon (6/15)
 Temple: D:4-7

Altars:
Nemelex Xobeh
Ru


Innate Abilities, Weirdness & Mutations

You have a beak for a mouth.
You have claws for feet.
Your magical nature lets you fly swiftly and evasively.


Message History

You puncture the ogre! Your kick misses the ogre.
The ogre is heavily wounded.
The ogre hits you with a +0 giant club!!
Ouch! That really hurt!
* * * LOW HITPOINT WARNING * * *
Casting: Summon Guardian Golem (dangerous; 5% risk of failure)
Confirm with . or Enter, or press ? or * to list all spells.
You miscast Summon Guardian Golem.
You are very lightly contaminated with residual magic.
Nothing appears to happen.
The ogre misses you.
Casting: Summon Guardian Golem (dangerous; 5% risk of failure)
Confirm with . or Enter, or press ? or * to list all spells.
You miscast Summon Guardian Golem.
Nothing appears to happen.
Casting: Summon Guardian Golem (dangerous; 5% risk of failure)
Confirm with . or Enter, or press ? or * to list all spells.
A guardian golem appears, shielding your allies.
You swap places.
Your magical contamination has completely faded away.
Casting: Summon Guardian Golem (dangerous; 5% risk of failure)
Confirm with . or Enter, or press ? or * to list all spells.
You miscast Summon Guardian Golem.
You are very lightly contaminated with residual magic.
Nothing appears to happen.
Your magical contamination has completely faded away.
Casting: Summon Guardian Golem (dangerous; 5% risk of failure)
Confirm with . or Enter, or press ? or * to list all spells.
A guardian golem appears, shielding your allies.
Your guardian golem disappears in a puff of smoke!
You swap places.
The ogre hits your guardian golem with a +0 giant club!!
You are too injured to fight recklessly!
The ogre hits your guardian golem with a +0 giant club!!
You are too injured to fight recklessly!
You are too injured to fight recklessly!
Your guardian golem overheats!
The ogre hits your guardian golem with a +0 giant club!
Your guardian golem disappears in a puff of smoke!
Your guardian golem explodes!
The fiery explosion engulfs you!!
You die...

......##.#.# #.#
...........# #.#
.#######...#########.# .
#..>....9...#.#
###.#######.#.# #.# #.#.#
#.# #.#.#####
.#########.#######O#.....#
................@ยงยง......#
#########.#############..#
... #.#...........#.## #.#
#.#.####.####.#.# #.#
#.#....#.#....#.#
#.#.####.####.#.#.####.#
#.#...........#.#......#
##.#############.######.#
........................#


You could see an ogre.

Vanquished Creatures
  A scorpion (D:4)
  A wight (D:5)
  A hound (D:4)
  A jelly (D:5)
  5 gnolls
  An adder (D:5)
  3 dart slugs
  3 orcs
  4 bats
  3 endoplasms
  A giant cockroach (D:1)
  7 goblins
  4 hobgoblins
  5 kobolds
  5 quokkas
  2 frilled lizards (D:1)
  2 rats
49 creatures vanquished.

Vanquished Creatures (collateral kills)
  An ogre (D:4)
  A scorpion (D:4)
  4 orc priests
  Jessica (D:3)
  A gnoll bouda (D:5)
  An iguana (D:5)
  Robin (D:3)
  2 gnolls (D:3)
  3 adders
  8 orcs
  3 ball pythons
  A bat (D:2)
  2 endoplasms
  A giant cockroach (D:4)
  5 goblins
  3 hobgoblins
  4 jackals (D:2)
  2 quokkas
  5 frilled lizards
  A kobold (D:3)
  A rat (D:3)
51 creatures vanquished.

Vanquished Creatures (others)
  Edmund (D:5)
  An ogre (D:5)
  A phantom (D:5)
  4 wights (D:5)
  A jelly (D:5)
  3 gnolls (D:5)
  A plant (D:2)
12 creatures vanquished.

Grand Total: 112 creatures vanquished

Notes
Turn   | Place    | Note
-------+----------+-------------------------------------------
     0 | D:1      | Manisian the Tengu Summoner began the quest for the Orb.
     0 | D:1      | Reached XP level 1. HP: 10/10 MP: 4/4
    53 | D:1      | Reached skill level 5 in Summonings
   366 | D:1      | Reached XP level 2. HP: 15/15 MP: 6/6
   377 | D:1      | Learned a level 2 spell: Call Imp
  1236 | D:1      | Found a faded altar of an unknown god.
  1352 | D:1      | Reached XP level 3. HP: 19/19 MP: 7/7
  1773 | D:2      | Learned a level 3 spell: Call Canine Familiar
  2367 | D:2      | Found a sparkling altar of Nemelex Xobeh.
  2839 | D:3      | Reached XP level 4. HP: 19/24 MP: 7/9
  2979 | D:3      | HP: 1/24 [gnoll/+0 whip (4)]
  2984 | D:3      | Reached skill level 1 in Short Blades
  3267 | D:3      | Found a sacrificial altar of Ru.
  3278 | D:3      | Noticed Jessica
  3288 | D:3      | Killed Jessica
  3289 | D:3      | Gained mutation: Your magical nature lets you fly swiftly
                  | and evasively. [Tengu growth]
  3289 | D:3      | Reached XP level 5. HP: 28/28 MP: 4/10
  3293 | D:3      | Learned a level 3 spell: Summon Guardian Golem
  3390 | D:3      | Noticed Robin
  3398 | D:3      | Reached skill level 6 in Summonings
  3418 | D:3      | Killed Robin
  3634 | D:3      | Reached XP level 6. HP: 32/33 MP: 7/12
  3933 | D:4      | Identified the +1 ring mail of Dongag Suu {Int+5 Slay-4
                  | Stlth+}
  4033 | D:4      | You are sucked into a shaft and drop 2 floors!
  4102 | D:5      | Entered Level 5 of the Dungeon
  4525 | D:4      | Reached skill level 1 in Fighting
  4525 | D:4      | Reached skill level 1 in Polearms
  4768 | D:4      | Reached XP level 7. HP: 38/38 MP: 5/14
  4836 | D:4      | Learned a level 4 spell: Summon Ice Beast
  4838 | D:4      | Learned a level 1 spell: Slow
  4902 | D:4      | Reached skill level 7 in Summonings
  6401 | D:5      | Reached skill level 5 in Spellcasting
  6401 | D:5      | Reached XP level 8. HP: 44/44 MP: 11/16
  6439 | D:5      | Reached skill level 1 in Hexes
  7076 | D:5      | Noticed Edmund
  7089 | D:5      | Killed Edmund
  7090 | D:5      | Reached skill level 8 in Summonings
  7311 | D:6      | Killed by an exploding themself... ignited by their inner
                  | flame

Illustrated notes

Levels and vault maps discovered:
D:1:      psy_arrival_terrarium, layout_basic, ebering_ecumenical_altar_mist
D:2:      layout_loops_corners, serial_forest, infiniplex_forest_fountain,
          infiniplex_forest_end_2, infiniplex_forest_clump_diagonal,
          infiniplex_forest_clump_long, infiniplex_forest_join, basic_altar,
          minmay_statues_item
D:3:      layout_rooms, hangedman_ru_absence, uniq_jessica, uniq_robin
D:4:      cheibrodos_quashed, layout_basic, serial_curves, eino_curves_03,
          eino_curves_03
D:5:      layout_basic, uniq_edmund
D:6:      layout_basic, nicolae_kikubaaqudgha_miasma_corner, roderic_lattice_a

Skill      XL: |  1  2  3  4  5  6  7  8 |
---------------+-------------------------+-----
Summonings     | 5 6 7 8 |  8.0
Short Blades   | 1 |  1.3
Spellcasting   | 3 4 5 |  5.4
Stealth        | 3 |  3.6
Fighting       | 1 2 |  2.2
Polearms       | 1 2 3 |  3.1
Dodging        | 3 |  3.9
Hexes          | 1 |  1.2

Action                   |  1- 3 |  4- 6 |  7- 9 || total
-------------------------+-------+-------+-------++-------
Melee: Dagger            |    87 |       |       ||    87
       Kick              |    30 |    16 |    12 ||    58
       Peck              |    15 |     4 |     7 ||    26
       Punch             |     3 |     1 |       ||     4
       Spear             |     2 |    85 |    37 ||   124
       Trident           |       |       |    21 ||    21
       Halberd           |       |       |    21 ||    21
 Cast: Summon Small Mamm |    10 |    21 |     2 ||    33
       Call Imp          |     5 |     8 |     2 ||    15
       Call Canine Famil |     3 |    12 |     4 ||    19
       Summon Guardian G |       |       |    12 ||    12
       Slow              |       |       |     2 ||     2
  Use: Potion            |       |     4 |       ||     4
       Scroll            |       |     9 |     8 ||    17
 Stab: Sleeping          |     9 |     1 |     2 ||    12
Armor: Robe              |     9 |     4 |     5 ||    18
       Skin              |       |    12 |       ||    12
Dodge: Dodged            |    26 |    20 |    51 ||    97

Table legend: (Time is in decaauts)
 A = Elapsed time spent in this place.
 B = Non-inter-level travel time spent in this place.
 C = Inter-level travel time spent in this place.
 D = Time resting spent in this place.
 E = Time spent auto-exploring this place.
 F = Levels seen in this place.
 G = Mean time per level.
                   A        B        C        D        E       F      G
               +--------+--------+--------+--------+--------+-----+--------+
         Total |   7146 |   7002 |    144 |    757 |   4635 |   6 | 1191.0 |
       Dungeon |   7146 |   7002 |    144 |    757 |   4635 |   6 | 1191.0 |
               +--------+--------+--------+--------+--------+-----+--------+

Top non-repeatable levels by time:
     D:1: 1711 daAuts
     D:4: 1593 daAuts
     D:5: 1509 daAuts
     D:2: 1099 daAuts
     D:3: 1042 daAuts
     D:6: 190 daAuts
